 Dungeon Crawl Stone Soup version 0.32-a0-909-gc671339a80 (webtiles) character file.

Game seed: 10987692066279364359

7876 pokeman the Eclecticist (level 11, 0/63 HPs)
             Began as a Deep Elf Hedge Wizard on Apr 6, 2024.
             Was an Initiate of Vehumet.
             Slain by a meliai zombie (3 damage)
             ... on level 10 of the Dungeon.
             The game lasted 00:28:45 (10001 turns).

pokeman the Eclecticist (Deep Elf Hedge Wizard)    Turns: 10001, Time: 00:28:46

Health: 0/63       AC:  8    Str:  7    XL:     11   Next: 2%
Magic:  33/41      EV: 12    Int: 24    God:    Vehumet [......]
Gold:   399        SH:  0    Dex: 14    Spells: 25/40 levels left

rFire   . . .        k - +2 dagger (venom)
rCold   . . .        (no shield)
rNeg    + . .        s - +2 robe {rN+}
rPois   +            t - +2 helmet
rElec   .            (no cloak)
rCorr   .            (no gloves)
SInv    .            b - +0 pair of boots
Will    +....        (no amulet)
Stlth   ++           M - ring of poison resistance
HPRegen 0.30/turn    J - ring of magical power
MPRegen 0.27/turn

%: no passive effects
@: no status effects
A: no striking features
a: Renounce Religion


You were on level 10 of the Dungeon.
You worshipped Vehumet.
Vehumet was noncommittal.
You visited 2 branches of the dungeon, and saw 11 of its levels.
You also visited: Ossuary.

You collected 399 gold pieces.

Inventory:

Hand Weapons
 k - a +2 dagger of venom (weapon)
 r - a +0 dagger of electrocution
Missiles
 f - 5 curare-tipped darts
Armour
 b - a +0 pair of boots (worn)
 s - a +2 robe of positive energy (worn)
 t - a +2 helmet (worn)
 O - a +0 buckler
Jewellery
 a - a +5 ring of evasion
 i - a ring of flight
 u - a ring of fire
 B - a ring of positive energy
 F - a +4 ring of protection
 I - a ring of resist corrosion
 J - a ring of magical power (right hand)
 M - a ring of poison resistance (left hand)
Wands
 E - a wand of flame (21)
 K - a wand of polymorph (7)
 L - a wand of acid (3)
 N - a wand of mindburst (2)
Scrolls
 e - 4 scrolls of poison {unknown}
 h - 4 scrolls of enchant weapon {unknown}
 l - 3 scrolls of blinking {unknown}
 n - 4 scrolls of teleportation {unknown}
 p - 11 scrolls of identify {unknown}
 q - 2 scrolls of torment {unknown}
 v - 2 scrolls of vulnerability {unknown}
 y - 3 scrolls of amnesia {unknown}
 C - a scroll of fog {unknown}
 H - 2 scrolls of fear {unknown}
Potions
 c - 5 potions of enlightenment {unknown}
 d - 2 potions of magic
 g - 4 potions of might {unknown}
 j - 7 potions of mutation {unknown}
 m - a potion of invisibility {unknown}
 o - 2 potions of attraction {unknown}
 w - 4 potions of curing {unknown}
 x - 2 potions of haste {unknown}
 z - 3 potions of heal wounds {unknown}
 A - a potion of cancellation {unknown}
 D - 2 potions of lignification {unknown}
 G - a potion of ambrosia {unknown}


   Skills:
 - Level 5.1 Fighting
 + Level 3.2 Armour
 - Level 3.1 Dodging
 - Level 3.0 Stealth
 * Level 15.3 Spellcasting
 + Level 8.5 Conjurations
 - Level 1.1 Summonings
 - Level 1.1 Translocations
 + Level 5.4 Ice Magic
 - Level 1.2 Air Magic
 - Level 1.2 Alchemy
 - Level 2.1 Evocations


You had 25 spell levels left.
You knew the following spells:

 Your Spells              Type           Power      Damage    Failure   Level
a - Magic Dart            Conj           100%       1d8       1%          1
b - Mephitic Cloud        Conj/Alch/Air  36%        N/A       1%          3
c - Call Imp              Summ           46%        N/A       3%          2
d - Blink                 Tloc           46%        N/A       3%          2
e - Ozocubu's Refrigerat  Ice            22%        4d12      95%         7

Your spell library contained the following spells:

 Spells                   Type           Power      Damage    Failure   Level
 Slow                     Hex            72%        N/A       3%          1
 Cigotuvi's Dreadful Rot  Necr/Alch/Air  44%        N/A       3%          2
 Scorch                   Fire           36%        2d6       4%          2
 Flame Wave               Conj/Fire      38%        2d10      5%          4
 Volatile Blastmotes      Fire/Tloc      42%        2d13      8%          3
 Passwall                 Erth           18%        N/A       9%          3
 Vhi's Electric Charge    Tloc/Air       48%        N/A       19%         4
 Bombard                  Conj/Erth      19%        9d4       63%         6
 Sculpt Simulacrum        Ice/Alch       17%        N/A       75%         6
 Summon Cactus Giant      Summ           11%        N/A       96%         6
 Polar Vortex             Ice            22%        12d2*     100%        9


Dungeon Overview and Level Annotations

Branches:
Dungeon (10/15)            Temple (1/1) D:6             Orc (0/2) D:10
Ossuary (visited)
   Lair: D:8-11

Altars:
Ashenzari
Cheibriados
Dithmenos
Elyvilon
Fedhas
Gozag
Hepliaklqana
Kikubaaqudgha
Makhleb
Nemelex Xobeh
Okawaru
Qazlal
Ru
Sif Muna
Trog
Uskayaw
Vehumet
Wu Jian
Xom
Yredelemnul
Zin
The Shining One


Message History

The centaur warrior zombie attacks as it pursues you!
The centaur warrior zombie hits you.
* * * LOW HITPOINT WARNING * * *
The centaur warrior zombie kicks you but does no damage.
You feel ready to blink again.
Casting: Blink (safe; 3% risk of failure)
Confirm with . or Enter, or press ? or * to list all spells.
You blink.
A centaur warrior zombie comes into view.
A centaur warrior zombie comes into view.
The meliai zombie hits you but does no damage.
The meliai zombie hits you.
* * * LOW HITPOINT WARNING * * *
The meliai zombie hits you but does no damage.
The meliai zombie barely misses you.
The meliai zombie hits you but does no damage.
The meliai zombie hits you.
* * * LOW HITPOINT WARNING * * *
A centaur zombie, 2 centaur warrior zombies and a howler monkey zombie come into view.
Found a scroll labelled EFIULO OPRATZE.
Found a basalt altar of Yredelemnul.
The meliai zombie attacks as it pursues you!
The meliai zombie hits you.
* * * LOW HITPOINT WARNING * * *
The meliai zombie closely misses you.
A centaur warrior zombie comes into view.
The centaur warrior zombie hits you but does no damage.
The centaur warrior zombie barely misses you.
The meliai zombie closely misses you. The meliai zombie barely misses you.
The centaur warrior zombie hits you.
* * * LOW HITPOINT WARNING * * *
The centaur warrior zombie closely misses you.
Unknown command.
Casting: Blink (safe; 3% risk of failure)
Confirm with . or Enter, or press ? or * to list all spells.
You are still too unstable to blink.
Unknown command.
You feel ready to blink again.
The meliai zombie attacks as it pursues you!
The meliai zombie barely misses you. The meliai zombie hits you.
You die...

.♣.♣............... #♣
..♣............. . ♣..
♣.♣♣.........####
..♣♣♣♣.♣.........#...
.♣♣.Z.♣♣..........#...
♣Z.._.♣Z♣.........#...
♣..Z♣Z.♣........#...
♣♣♣Z.♣♣........###.
♣.@Z♣Z####.......#.
♣..Z♣♣... +.......#.
♣♣♣.♣ ?...#.....>.'.
.#. ....#.......#. ..
. ....#.......#. ...
#####.#.......## #...
.######.... #... #....
#....


You could see 4 centaur warrior zombies and a meliai zombie.

Vanquished Creatures
  A hydra (D:10)
  Erica (D:8)
  3 two-headed ogres
  2 trolls
  Grinder (D:3)
  A hornet (D:7)
  2 steam dragons
  A sky beast (D:5)
  2 ice beasts (D:6)
  4 orc warriors
  2 centaurs
  2 phantoms
  2 kobold brigands
  Blork the orc (D:5)
  2 elf zombies (Ossuary)
  2 gnoll sergeants
  5 scorpions
  A bullfrog (D:6)
  6 killer bees (D:8)
  4 centaur zombies (Ossuary)
  A human zombie (Ossuary)
  6 orc priests
  A bombardier beetle (D:5)
  A hound (D:7)
  4 jellies
  A gnoll bouda (D:7)
  Terence (D:2)
  Jessica (D:3)
  A spectral scorpion (Ossuary)
  6 iguanas
  11 orc wizards
  2 crocodile zombies (Ossuary)
  2 spectral hounds (Ossuary)
  2 mummies (Ossuary)
  Robin (D:3)
  10 gnolls
  8 adders
  4 hound simulacra (Ossuary)
  2 shadow imps
  2 white imps
  2 ufetubi (D:5)
  2 spectral adders (Ossuary)
  3 spectral gnolls (Ossuary)
  2 ribbon worms (D:3)
  5 dart slugs
  31 orcs
  8 endoplasms
  A giant cockroach (D:1)
  10 hobgoblins
  2 jackals (D:4)
  4 quokkas
  8 ball pythons
  4 bats
  3 frilled lizards
  2 gnoll simulacra (Ossuary)
  5 gnoll zombies (Ossuary)
  17 goblins
  2 jackal simulacra (Ossuary)
  14 kobolds
  2 kobold zombies (Ossuary)
  7 orc zombies (Ossuary)
  5 rats
  A spectral jackal (Ossuary)
252 creatures vanquished.

Vanquished Creatures (collateral kills)
  2 ice beasts
  A sleepcap (D:8)
  A mummy (Ossuary)
  2 orcs (D:10)
  A gnoll zombie (Ossuary)
  A kobold (D:6)
  A kobold zombie (Ossuary)
  A spectral jackal (Ossuary)
10 creatures vanquished.

Grand Total: 262 creatures vanquished

Notes
Turn   | Place    | Note
-------+----------+-------------------------------------------
     0 | D:1      | pokeman the Deep Elf Hedge Wizard began the quest for the
                  | Orb.
     0 | D:1      | Reached XP level 1. HP: 10/10 MP: 7/7
   311 | D:1      | Reached XP level 2. HP: 16/16 MP: 3/9
   491 | D:1      | Found a faded altar of an unknown god.
   843 | D:2      | Reached skill level 5 in Spellcasting
   992 | D:2      | Reached XP level 3. HP: 20/20 MP: 7/11
   996 | D:2      | Learned a level 3 spell: Mephitic Cloud
   999 | D:2      | Learned a level 2 spell: Call Imp
  1002 | D:2      | Learned a level 2 spell: Blink
  1143 | D:2      | Noticed Terence
  1327 | D:2      | Reached skill level 1 in Fighting
  1327 | D:2      | Reached skill level 1 in Armour
  1431 | D:2      | Reached XP level 4. HP: 23/25 MP: 10/13
  1593 | D:2      | Killed Terence
  2064 | D:3      | Noticed Grinder
  2172 | D:3      | Noticed Robin
  2610 | D:3      | Noticed Jessica
  2615 | D:3      | Killed Jessica
  2616 | D:3      | Reached skill level 6 in Spellcasting
  2616 | D:3      | Reached XP level 5. HP: 29/29 MP: 8/15
  2822 | D:3      | Found a hazy altar of Hepliaklqana.
  2936 | D:3      | Killed Robin
  3071 | D:3      | Killed Grinder
  3072 | D:3      | Reached skill level 8 in Spellcasting
  3072 | D:3      | Reached XP level 6. HP: 32/34 MP: 3/19
  3381 | D:3      | Found an opulent altar of Gozag.
  3686 | D:4      | Reached skill level 1 in Air Magic
  3686 | D:4      | Reached skill level 1 in Alchemy
  3748 | D:4      | Reached XP level 7. HP: 38/38 MP: 16/21
  4503 | D:5      | Entered Level 5 of the Dungeon
  4508 | D:5      | Found a stormy altar of Qazlal.
  4516 | D:5      | Reached skill level 9 in Spellcasting
  4878 | D:5      | Noticed Blork the orc
  4898 | D:5      | Killed Blork the orc
  4971 | D:5      | Reached skill level 10 in Spellcasting
  4971 | D:5      | Reached XP level 8. HP: 27/44 MP: 13/24
  5294 | D:6      | Reached skill level 5 in Conjurations
  5301 | D:6      | Reached skill level 11 in Spellcasting
  5373 | D:6      | Found a sand-covered staircase.
  5378 | Ossuary  | Entered an ossuary
  6200 | Ossuary  | Reached XP level 9. HP: 49/49 MP: 21/26
  6288 | D:6      | Reached skill level 12 in Spellcasting
  6624 | D:6      | Learned a level 7 spell: Ozocubu's Refrigeration
  6724 | D:6      | Found a staircase to the Ecumenical Temple.
  6730 | Temple   | Entered the Ecumenical Temple
  6837 | D:7      | Paralysed by a hornet for 2 turns
  6879 | D:7      | Noticed a two-headed ogre
  6911 | D:7      | Killed a two-headed ogre
  6912 | D:7      | Reached skill level 13 in Spellcasting
  7626 | D:7      | Found a burning altar of Makhleb.
  7705 | D:8      | Reached XP level 10. HP: 56/56 MP: 24/29
  8259 | D:8      | Noticed Erica
  8274 | D:8      | Killed Erica
  8275 | D:8      | Reached skill level 14 in Spellcasting
  8857 | D:9      | Found a blossoming altar of Fedhas.
  9301 | D:9      | Found a radiant altar of Vehumet.
  9495 | D:10     | Entered Level 10 of the Dungeon
  9627 | D:10     | Noticed a two-headed ogre
  9632 | D:9      | Found an ancient bone altar of Kikubaaqudgha.
  9646 | D:9      | Became a worshipper of Vehumet
  9672 | D:10     | Killed a two-headed ogre
  9684 | D:10     | Reached skill level 5 in Ice Magic
  9691 | D:10     | Noticed a two-headed ogre
  9711 | D:10     | Killed a two-headed ogre
  9712 | D:10     | Reached skill level 5 in Fighting
  9712 | D:10     | Reached skill level 15 in Spellcasting
  9843 | D:10     | Found a sacrificial altar of Ru.
  9885 | D:10     | Found a staircase to the Orcish Mines.
  9935 | D:10     | Noticed a five-headed hydra
  9946 | D:10     | Killed a five-headed hydra
  9947 | D:10     | Reached XP level 11. HP: 63/63 MP: 32/32
  9999 | D:10     | Found a basalt altar of Yredelemnul.
 10000 | D:10     | HP: 3/63 [centaur warrior zombie (3)]
 10001 | D:10     | Slain by a meliai zombie

Illustrated notes

Levels and vault maps discovered:
D:1:      dpeg_arrival_stone_temple_mockup, layout_rooms,
          dreamdust_ecumenical_altar_statues, st_stairs_5
D:2:      cheibrodos_helix_gallery, layout_basic, uniq_terence
D:3:      layout_basic, nicolae_gozag_cash_rules_everything_around_me,
          nzn_hepliaklqana_mist_gate, uniq_robin, uniq_jessica, uniq_grinder
D:4:      layout_gridville, minmay_misc_feat_roman, grunt_ministairs_14,
          nrook_mini_vaults
D:5:      layout_basic, nicolae_qazlal_beasts_of_the_sky, uniq_blork_the_orc
D:6:      layout_cave_pools, minmay_temple_entry_fiery, enter_ossuary_5,
          serial_library_regret_index_headful
D:7:      layout_cave_pools, makhleb_blood_cavern_becter
D:8:      layout_basic, uniq_erica
D:9:      layout_roguey, mainiacjoe_overflow_surrounded_room,
          nicolae_overflow_hidden_temple
D:10:     layout_gridville, nicolae_overflow_crystal_walls,
          nicolae_yredelemnul_corpse_copse, orc_0_dummy
Temple:   compressed_dpeg_triangle_lava_temple

Skill      XL: |  1  2  3  4  5  6  7  8  9 10 |
---------------+-------------------------------+-----
Spellcasting   | 5 6 8 10 11 13 15 | 15.3
Fighting       | 1 2 3 5 |  5.1
Armour         | 1 3 |  3.2
Conjurations   | 2 3 4 5 7 8 |  8.5
Stealth        | 3 |  3.0
Dodging        | 3 |  3.1
Air Magic      | 1 |  1.2
Alchemy        | 1 |  1.2
Ice Magic      | 3 5 |  5.4
Evocations     | 2 |  2.1
Summonings     | |  1.1
Translocations | |  1.1

Action                     |  1- 3 |  4- 6 |  7- 9 | 10-12 || total
---------------------------+-------+-------+-------+-------++-------
  Melee: Dagger            |    23 |    25 |   339 |   138 ||   525
   Cast: Magic Dart        |    87 |   101 |   246 |    76 ||   510
         Mephitic Cloud    |     3 |     5 |    23 |    27 ||    58
         Call Imp          |     1 |     3 |    12 |     7 ||    23
         Blink             |       |       |       |     3 ||     3
  Evoke: Wand              |       |       |       |    10 ||    10
   Stab: Confused          |     1 |     1 |    11 |    28 ||    41
 Armour: Robe              |    15 |     5 |   150 |   103 ||   273
  Dodge: Dodged            |    15 |    21 |   312 |   103 ||   451

Table legend: (Time is in decaauts)
 A = Elapsed time spent in this place.
 B = Non-inter-level travel time spent in this place.
 C = Inter-level travel time spent in this place.
 D = Time resting spent in this place.
 E = Time spent auto-exploring this place.
 F = Levels seen in this place.
 G = Mean time per level.
                   A        B        C        D        E       F      G
               +--------+--------+--------+--------+--------+-----+--------+
         Total |  10006 |   9658 |    348 |    184 |   7319 |  12 |  833.8 |
       Dungeon |   9113 |   8765 |    348 |    184 |   6777 |  10 |  911.3 |
        Temple |      1 |      1 |      0 |      0 |      0 |   1 |    1.0 |
       Ossuary |    890 |    890 |      0 |      0 |    542 |   1 |  890.0 |
               +--------+--------+--------+--------+--------+-----+--------+

Top non-repeatable levels by time:
     D:2: 1381 daAuts
     D:3: 1297 daAuts
     D:4: 1051 daAuts
     D:9: 985 daAuts
     D:6: 920 daAuts
 Ossuary: 890 daAuts
     D:8: 854 daAuts
     D:1: 772 daAuts
     D:7: 726 daAuts
     D:5: 641 daAuts
    D:10: 483 daAuts
  Temple: 1 daAuts
